 Dungeon Crawl Stone Soup version 0.26-a0-597-gb535b0901c (webtiles) character file.

Game seed: 2450519971953979727

158 Alarkh the Insei (level 5, -3/42 HPs)
             Began as a Demonspawn Monk on Sept 3, 2020.
             Slain by a gnoll
             ... wielding a +0 halberd
              (10 damage)
             ... on level 3 of the Dungeon.
             The game lasted 00:03:41 (2093 turns).

Alarkh the Insei (Demonspawn Monk)                  Turns: 2093, Time: 00:03:41

Health: -3/42      AC: 10    Str: 11    XL:     5   Next: 16%
Magic:  5/5        EV:  9    Int: 13    God:
Gold:   101        SH:  0    Dex: 15    Spells: 4/4 levels left

rFire    + . .     SeeInvis .     - Unarmed
rCold    . . .     Faith    .   (no shield)
rNeg     . . .     Spirit   .   c - +2 scale mail {rF+}
rPois    .         Reflect  .   (no helmet)
rElec    .         Harm     .   (no cloak)
rCorr    .                      (no gloves)
MR       .....                  (no boots)
Stlth    +.........             j - amulet of regeneration
HPRegen  0.54/turn              d - ring of wizardry
MPRegen  0.09/turn              (no ring)

@: brilliant
A: claws 1, slimy green scales 1, powered by death 2
a: no special abilities


You were on level 3 of the Dungeon.
You visited 1 branch of the dungeon, and saw 3 of its levels.

You collected 101 gold pieces.

Inventory:

Armour
 a - a +0 robe
 c - a +2 scale mail of fire resistance (worn)
Jewellery
 d - a ring of wizardry (left claw)
 g - an uncursed ring of flight
 j - an amulet of regeneration (around neck)
Scrolls
 e - a scroll of identify
 i - a scroll of noise
 k - a scroll of fear {unknown}
 l - a scroll of remove curse
Potions
 b - a potion of stabbing
 f - a potion of degeneration


   Skills:
 + Level 4.1 Fighting
 - Level 2.6 Dodging
 - Level 1.7 Stealth
 * Level 4.6 Unarmed Combat


You had 4 spell levels left.
You didn't know any spells.
Your spell library was empty.

Dungeon Overview and Level Annotations

Branches:
Dungeon (3/15)

Altars:


Innate Abilities, Weirdness & Mutations

You have sharp fingernails.
You are partially covered in slimy green scales. (AC +2)
You regenerate health from kills.


Message History

You struggle against the net.
You feel sick. The gnoll barely misses you.
The gnoll hits you but does no damage.
Okay, then.
It was a potion of brilliance.
You feel clever all of a sudden. The gnoll barely misses you.
The gnoll hits you but does no damage. x2
You struggle against the net.
The gnoll hits you but does no damage. x2
You struggle against the net.
The gnoll completely misses you.
The gnoll hits you from afar with a cursed -3 halberd.
* * * LOW HITPOINT WARNING * * *
The gnoll hits you from afar with a +0 spear.
* * * LOW HITPOINT WARNING * * *
You rip the net and break free!
You feel sick.
You are no longer poisoned.
The gnoll hits you from afar with a +0 halberd.
* * * LOW HITPOINT WARNING * * *
The gnoll hits you but does no damage. The gnoll barely misses you.
An orc comes into view. It is wielding a +0 short sword.
The gnoll hits you from afar with a +0 halberd!
You die...

##. ..####...### #.
##..#####.# #...# ##.
####.....#...## ##### #..
.......<......## #..
#............# #######..
.###..)†g.g....####........
........g......##...#......
####..........###.###.###..
#.....#@..###..# #.# #..
#.!..##.#####.## #.# ### #
#.#.#...##.†..# ..# #.
#.#........#### .## #..
#.#......### #. #..###
#...####..# #. #....###...#
##.# .. #.##.##.(#.# ...
###.....#)(..# ###.


You could see 3 gnolls.

Vanquished Creatures
  A jelly (D:3)
  Terence (D:2)
  A gnoll (D:3)
  3 adders (D:2)
  2 oozes (D:2)
  2 worms
  2 dart slugs (D:2)
  3 orcs (D:3)
  9 bats
  3 hobgoblins
  8 kobolds
  A quokka (D:2)
  A ball python (D:3)
  4 frilled lizards
  4 goblins
  5 rats
50 creatures vanquished.

Notes
Turn   | Place    | Note
-------+----------+-------------------------------------------
     0 | D:1      | Alarkh the Demonspawn Monk began the quest for the Orb.
     0 | D:1      | Reached XP level 1. HP: 18/18 MP: 1/1
   168 | D:1      | Gained mutation: You regenerate a little health from kills.
                  | [demonic ancestry]
   168 | D:1      | Reached XP level 2. HP: 24/24 MP: 2/2
   927 | D:2      | Noticed Terence
   988 | D:2      | Gained mutation: You are partially covered in slimy green
                  | scales. (AC +2) [demonic ancestry]
   988 | D:2      | Reached XP level 3. HP: 16/29 MP: 3/3
  1692 | D:2      | Gained mutation: You have sharp fingernails. [demonic
                  | ancestry]
  1692 | D:2      | Reached XP level 4. HP: 33/37 MP: 4/4
  1910 | D:2      | Killed Terence
  2031 | D:3      | Gained mutation: You regenerate health from kills. [demonic
                  | ancestry]
  2031 | D:3      | Reached XP level 5. HP: 42/42 MP: 5/5
  2093 | D:3      | Slain by a gnoll

Illustrated notes

Levels and vault maps discovered:
D:1:      lightli_arrival_flooded_house, layout_basic
D:2:      layout_loops_cross, uniq_terence
D:3:      layout_rooms

Skill      XL: |  1  2  3  4 |
---------------+-------------+-----
Unarmed Combat | 3 4 |  4.6
Fighting       | 4 |  4.1
Dodging        | |  2.6
Stealth        | |  1.7

Action                   |  1- 3 |  4- 6 || total
-------------------------+-------+-------++-------
Melee: Unarmed           |   143 |    60 ||   203
       Punch             |     2 |       ||     2
  Use: Potion            |     2 |     2 ||     4
       Scroll            |     4 |     1 ||     5
 Stab: Sleeping          |     6 |       ||     6
Armor: Robe              |    31 |     1 ||    32
       Skin              |     5 |       ||     5
       Scale mail        |       |    45 ||    45
Dodge: Dodged            |   117 |    54 ||   171

Table legend: (Time is in decaauts)
 A = Elapsed time spent in this place.
 B = Non-inter-level travel time spent in this place.
 C = Inter-level travel time spent in this place.
 D = Time resting spent in this place.
 E = Time spent auto-exploring this place.
 F = Levels seen in this place.
 G = Mean time per level.
                   A        B        C        D        E       F      G
               +--------+--------+--------+--------+--------+-----+--------+
         Total |   2090 |   1951 |    139 |    287 |   1162 |   3 |  696.7 |
       Dungeon |   2090 |   1951 |    139 |    287 |   1162 |   3 |  696.7 |
               +--------+--------+--------+--------+--------+-----+--------+

Top non-repeatable levels by time:
     D:2: 1309 daAuts
     D:1: 652 daAuts
     D:3: 128 daAuts
